 Dungeon Crawl Stone Soup version 0.20-a0-256-gabb291d (webtiles) character file.

285 patrickswayze the Sneak (level 6, -2/36 HPs)
             Began as a Deep Elf Chaos Knight on Dec 1, 2016.
             Slain by Grinder (3 damage)
             ... while paralysed by Grinder
             ... on level 3 of the Dungeon.
             The game lasted 00:04:16 (3195 turns).

patrickswayze the Sneak (Deep Elf Chaos Knight)     Turns: 3195, Time: 00:04:16

Health: -2/36      AC:  8    Str:  6 (9)  XL:     6   Next: 7%
Magic:  8/8        EV:  2    Int: 18 (19) God:    Xom [....*.]
Gold:   162        SH:  0    Dex: 15 (16) Spells: 5/5 levels left

rFire  + . .     SeeInvis .     a - +2 short sword (drain)
rCold  . . .     Gourm    .     o - +2 leather armour
rNeg   . . .     Faith    .     (no shield)
rPois  .         Spirit   .     n - +2 helmet
rElec  .         Reflect  .     (no cloak)
rCorr  .         Harm     .     (no gloves)
MR     .....                    (no boots)
Stlth  ++++......               (no amulet)
                                (no ring)
                                (no ring)

@: paralysed, exhausted, cleaving, flying, slowed
A: clever 1, fire resistance 1, evolution 1
a: Renounce Religion


You were on level 3 of the Dungeon.
You worshipped Xom.
You were a beloved toy of Xom.
You were not hungry.

You visited 1 branch of the dungeon, and saw 3 of its levels.

You collected 162 gold pieces.


Innate Abilities, Weirdness & Mutations

Your mind is acute. (Int +2)
Your flesh is heat resistant. (rF+)
You evolve.


   Skills:
 - Level 2.4 Fighting
 - Level 3.0 Short Blades
 - Level 0.7 Armour
 - Level 2.4 Dodging
 + Level 7.9 Stealth


You had 5 spell levels left.
You didn't know any spells.

Inventory:

Hand Weapons
 a - a +2 short sword of draining (weapon)
 b - a +0 short sword of chaos
Armour
 n - a +2 helmet (worn)
 o - a +2 leather armour (worn)
Jewellery
 r - an uncursed ring of fire {unknown}
Scrolls
 e - 2 scrolls of fog {unknown}
 f - a scroll of enchant weapon {unknown}
 h - a scroll of amnesia {unknown}
 m - a scroll of magic mapping {unknown}
 p - 2 scrolls of identify {unknown}
 q - a scroll of remove curse {unknown}
Potions
 d - a potion of curing
 s - a potion of cancellation
Books
 v - a book of Changes

   Spells                             Type                      Level
   a - Beastly Appendage              Transmutation                1
   b - Sticks to Snakes               Transmutation                2
   c - Spider Form                    Transmutation/Poison         3
   d - Ice Form                       Ice/Transmutation            4
   e - Blade Hands                    Transmutation                5
Comestibles
 c - 4 bread rations
 i - 2 slices of pizza
 j - a beef jerky
 k - a royal jelly
 l - a chunk of flesh
 t - a meat ration


Message History

There was something very wrong with that liquid.
You feel weakened.
You feel dopey.
You feel clumsy. Xom smiles on you.
Your +2 short sword of draining looks sharp.
Grinder hits you but does no damage. Grinder gestures at you.
You resist with some effort.
You hit Grinder.
Grinder is almost dead.
Grinder completely misses you.
You closely miss Grinder.
Grinder is almost dead.
Grinder gestures at you.
You suddenly lose the ability to move!
Grinder hits you.
You writhe in agony.
* * * LOW HITPOINT WARNING * * *
Grinder hits you.
* * * LOW HITPOINT WARNING * * *
Grinder hits you.
You die...
Xom chortles!

#.# ##### ########..
##.###...# #..... #..#...#.#
##.#### #.##.#.#.#######..#
#.##...##.#....#.##
#.##..##.#####.#.#####
#.##..#.## ##........
##.###.##_####..#######
#...##@###.#...##......
#....#5##.##.#.........
#####....#.#.#####.###.....
##.....##...##.#....######.#
##............#.####...###..#
#................#####.......
#................#...#####.##
#................#...##......
#................#........###


You could see Grinder.

Vanquished Creatures
  An orc wizard (D:3)
  Robin (D:2)
  6 adders
  An ooze (D:1)
  A worm (D:2)
  2 dart slugs
  3 leopard geckos
  2 orcs (D:3)
  2 ball pythons
  3 giant cockroaches (D:2)
  5 hobgoblins
  2 jackals (D:1)
  4 kobolds
  2 quokkas
  8 bats
  4 frilled lizards
  16 goblins
  11 rats
74 creatures vanquished.

Vanquished Creatures (collateral kills)
  Sigmund (D:3)
  2 orcs (D:3)
  A goblin (D:2)
4 creatures vanquished.

Grand Total: 78 creatures vanquished

Notes
Turn   | Place    | Note
-------+----------+-------------------------------------------
     0 | D:1      | patrickswayze the Deep Elf Chaos Knight began the quest for the Orb.
     0 | D:1      | Reached XP level 1. HP: 13/13 MP: 3/3
   162 | D:1      | Reached skill level 1 in Stealth
   165 | D:1      | Reached skill level 2 in Stealth
   192 | D:1      | Reached XP level 2. HP: 18/18 MP: 4/4
   377 | D:1      | XOM: harmless Pois miscast
   469 | D:1      | XOM: silly message
   556 | D:1      | XOM: noise
   600 | D:1      | Reached skill level 3 in Stealth
   617 | D:1      | XOM: god gift: 36 gold pieces
   645 | D:1      | XOM: scenery: create altars
   903 | D:2      | Reached XP level 3. HP: 21/22 MP: 5/5
   913 | D:2      | XOM: butterfly on damage
   917 | D:2      | Reached skill level 4 in Stealth
   928 | D:2      | XOM: 1-stop teleportation journey
   937 | D:2      | HP: 4/22 [poisoned by an adder]
  1239 | D:2      | Found an opulent altar of Gozag.
  1249 | D:2      | Found Gozag's Platinum Reserve.
  1492 | D:2      | Noticed Robin
  1500 | D:2      | XOM: summons friendly shadow imp
  1568 | D:1      | XOM: scenery: 1 doors close
  1757 | D:2      | Reached XP level 4. HP: 27/27 MP: 6/6
  1777 | D:2      | Reached skill level 5 in Stealth
  2001 | D:2      | XOM: 3-stop teleportation journey
  2197 | D:2      | XOM: cleaving
  2208 | D:2      | Killed Robin
  2233 | D:2      | XOM: enchant monster (bad)
  2454 | D:2      | Reached skill level 6 in Stealth
  2509 | D:2      | XOM: give mutations
  2509 | D:2      | Gained mutation: Your mind is acute. (Int +2) [Xom's grace]
  2509 | D:2      | Gained mutation: You evolve. [Xom's grace]
  2560 | D:2      | XOM: cloud trail
  2729 | D:3      | XOM: god gift: scroll labeled GUYMIPY SAMM {god gift}
  2747 | D:3      | Reached XP level 5. HP: 31/31 MP: 7/7
  2792 | D:3      | XOM: god gift: scroll labeled EZOPSI QERGHEI {god gift}
  2801 | D:3      | XOM: cast spell 'Call Canine Familiar'
  2859 | D:3      | Noticed Sigmund
  2868 | D:3      | Killed Sigmund
  2868 | D:3      | Reached skill level 7 in Stealth
  2868 | D:3      | Reached XP level 6. HP: 24/36 MP: 8/8
  2980 | D:3      | Gained mutation: Your flesh is heat resistant. (rF+) [evolution]
  3157 | D:3      | Found a faded altar of an unknown god.
  3166 | D:3      | Noticed Grinder
  3169 | D:3      | Paralysed by Grinder for 6 turns
  3190 | D:3      | XOM: cleaving
  3193 | D:3      | Paralysed by Grinder for 4 turns
  3193 | D:3      | HP: 5/36 [Grinder (5)]
  3194 | D:3      | HP: 1/36 [Grinder (4)]
  3195 | D:3      | Slain by Grinder

Vault maps used:
D:1:      dpeg_arrival_water_fire
D:2:      first_bread, serial_glass, glass_columns_a, glass_columns_a,
          nicolae_gozag_zags_fifth_avenue, uniq_robin
D:3:      chequers_ecumenical_altar_twisty, uniq_sigmund, uniq_grinder

Action                   |  1- 3 |  4- 6 || total
-------------------------+-------+-------++-------
Melee: Short sword       |   104 |   121 ||   225
  Use: Scroll            |       |     2 ||     2
       Potion            |       |     5 ||     5
 Stab: Sleeping          |     2 |     4 ||     6
       Petrifying        |     1 |       ||     1
       Paralysed         |     1 |       ||     1
  Eat: Chunk             |     3 |     4 ||     7
Armor: Leather armour    |    33 |    40 ||    73
Dodge: Dodged            |    62 |    66 ||   128
